 Dungeon Crawl Stone Soup version 0.17-a0-1596-g1e86911 (webtiles) character file.

3098 urechis the Grappler (level 9, -4/93 HPs)
             Began as a Troll Monk on July 31, 2015.
             Slain by an apocalypse crab (12 damage)
             ... while paralysed
             ... on level 1 of the Abyss.
             The game lasted 00:14:32 (6575 turns).

urechis the Grappler (Troll Monk)                   Turns: 6575, Time: 00:14:33

Health: -4/93      AC:  6    Str: 22      XL:     9   Next: 59%
Magic:  8/8        EV:  1    Int:  0 (6)  God:
Gold:   468        SH:  0    Dex: 14      Spells: 0 memorised, 8 levels left

rFire  . . .     SeeInvis .       - Unarmed
rCold  . . .     Clarity  .     n - +0 robe
rNeg   . . .     SustAt   .     (no shield)
rPois  .         Gourm    +     (helmet restricted)
rElec  .         Spirit   .     B - +0 cloak
rCorr  .         Warding  .     (gloves unavailable)
rMut   .         Stasis   .     (boots unavailable)
MR     .....                    (no amulet)
Stlth  ++........               (no ring)
                                r - +3 ring of slaying

@: paralysed, lethally poisoned (-4 -> -8), very slightly contaminated, slowed,
lost intelligence, invisible (expiring), not resistant to hostile enchantments,
unstealthy
A: unfitting armour, claws 3, fast metabolism 3, gourmand, regeneration 2,
shaggy fur 1, tough skin 2
a: no special abilities


You were on level 1 of the Abyss.
You were not hungry.

You visited 1 branch of the dungeon, and saw 9 of its levels.
You visited the Abyss 1 time.

You collected 468 gold pieces.

Inventory:

Hand weapons
 a - a +0 blowgun
Missiles
 t - 38 poisoned needles
Armour
 n - a +0 robe (worn)
 B - a +0 cloak (worn)
Jewellery
 r - a +3 ring of slaying (left claw)
Magical devices
 o - a wand of slowing (41)
 q - a wand of lightning (7)
 y - a wand of paralysis (6)
 C - a wand of heal wounds (4)
Scrolls
 c - 4 scrolls of magic mapping
 d - 11 scrolls of identify {unknown}
 h - 4 scrolls of remove curse {unknown}
 j - 4 scrolls of teleportation {unknown}
 m - a scroll of enchant weapon {unknown}
 u - a scroll of fear {unknown}
 v - a scroll of fog {unknown}
 E - a scroll of silence {unknown}
 F - a scroll of enchant armour {unknown}
 H - a scroll of brand weapon {unknown}
Potions
 e - a potion of agility {unknown}
 g - a potion of mutation {unknown}
 i - 3 potions of magic {unknown}
 k - 4 potions of curing
 s - 2 potions of brilliance {unknown}
 w - a potion of cancellation {unknown}
 x - a potion of might {unknown}
 z - 2 potions of degeneration
 D - a potion of cure mutation {unknown}
 G - a potion of heal wounds {unknown}
Comestibles
 b - 5 bread rations
 f - 4 meat rations
 l - 3 royal jellies
 p - 3 beef jerkies
 A - 6 fruits


   Skills:
 + Level 7.1 Fighting
 - Level 2.4 Dodging
 - Level 1.1 Stealth
 * Level 11.4 Unarmed Combat


You had 8 spell levels left.
You didn't know any spells.

Dungeon Overview and Level Annotations

Branches:
Dungeon (9/15)             Temple (0/1) D:4            Lair (0/8) D:9
    Orc: D:9-12

Altars:
Ashenzari
Elyvilon
Fedhas
Gozag
Kikubaaqudgha
Nemelex Xobeh
Qazlal
Trog
Vehumet
Xom
Zin


Innate Abilities, Weirdness & Mutations

You are too large for most types of armour.
You have claws for hands.
Your metabolism is lightning-fast.
You like to eat raw meat.
You heal very quickly.
You are covered in fur (AC +1).
You have very tough skin (AC +2).


Message History

It was a potion of curing.
You feel better. The apocalypse crab barely misses you.
The apocalypse crab claws you.
* * * LOW HITPOINT WARNING * * *
The apocalypse crab shocks you!
* * * LOW HITPOINT WARNING * * *
The golden eye turns its gaze towards you.
Read which item? (? for menu, Esc to quit)
As you read the scroll labeled UNOPLIWK QUXZUD, it crumbles to dust.
You feel momentarily disoriented.
It was a scroll of magic mapping.
The apocalypse crab bites you.
* * * LOW HITPOINT WARNING * * *
You are poisoned.
The apocalypse crab poisons you! The apocalypse crab closely misses you.
The golden eye turns its gaze towards you.
Drink which item? (? for menu, Esc to quit)
It was a potion of degeneration.
There was something very wrong with that liquid.
You feel dopey.
You have lost your intelligence.
You feel sick. The apocalypse crab bites you!
You die...

# #.. . #. #
#..#... ##. ###
#......# ..##.....
#.......##...##.###
.......#...## ....
#......##..##
##..#.##...##
#.##G#t.....#
#.#...@#....#.
#..##..##...#.#.
#..........#...#
#...#. ##...#....
.## # ##...#####.#
....#.# # . ##....#
#. ... .... .#


You could see an apocalypse crab and a golden eye.

Vanquished Creatures
  The ghost of Urgaas the Cudgeler, an average GrBe of Trog (D:4)
  A hippogriff (D:7)
  An orc warrior (D:8)
  An ice beast (D:8)
  3 centaurs
  4 sky beasts
  2 phantoms
  A black bear (D:7)
  2 ogres
  A giant frog (D:6)
  A big kobold (D:8)
  2 scorpions (D:6)
  A killer bee (D:8)
  5 hounds
  A crimson imp (D:8)
  An orc priest (D:3)
  A centaur skeleton (D:7)
  8 orc wizards
  A quasit (D:9)
  Ijyb (D:3)
  2 giant frog skeletons
  4 jellies
  8 worker ants
  An iguana (D:8)
  Terence (D:2)
  A hound zombie (D:5)
  5 hound skeletons
  2 worker ant zombies
  3 gnolls (D:8)
  11 adders
  An ooze (D:2)
  2 adder skeletons (D:5)
  3 worms
  4 giant geckos
  28 orcs
  5 bats
  4 giant cockroaches
  10 goblins
  7 hobgoblins
  5 jackals
  14 kobolds
  3 quokkas
  2 giant gecko skeletons
  2 giant newts (D:3)
  A quokka zombie (D:8)
  8 rats
176 creatures vanquished.

Notes
Turn   | Place    | Note
--------------------------------------------------------------
     0 | D:1      | urechis the Troll Monk began the quest for the Orb.
     0 | D:1      | Reached XP level 1. HP: 22/22 MP: 0/0
   146 | D:1      | Reached XP level 2. HP: 26/29 MP: 1/1
   515 | D:2      | Found a sparkling altar of Nemelex Xobeh.
   584 | D:2      | Noticed Terence
   589 | D:2      | Killed Terence
   589 | D:2      | Reached XP level 3. HP: 33/37 MP: 2/2
   702 | D:2      | Reached XP level 4. HP: 40/45 MP: 3/3
   718 | D:2      | Reached skill level 5 in Unarmed Combat
  1233 | D:3      | Found a blossoming altar of Fedhas.
  1237 | D:3      | Reached XP level 5. HP: 47/53 MP: 4/4
  1272 | D:3      | Reached skill level 6 in Unarmed Combat
  1408 | D:3      | Noticed Ijyb
  1425 | D:3      | Killed Ijyb
  1425 | D:3      | Reached XP level 6. HP: 12/62 MP: 5/5
  1652 | D:3      | Found a shimmering altar of Xom.
  1739 | D:3      | Noticed a phantom
  1771 | D:3      | Killed a phantom
  2711 | D:4      | Noticed Urgaas's ghost (average GrBe)
  2988 | D:4      | Found a bloodstained altar of Trog.
  3019 | D:4      | Found a staircase to the Ecumenical Temple.
  3127 | D:4      | Killed Urgaas's ghost
  3127 | D:4      | Reached skill level 7 in Unarmed Combat
  3127 | D:4      | Reached XP level 7. HP: 48/71 MP: 6/6
  3203 | D:5      | Entered Level 5 of the Dungeon
  3288 | D:5      | Reached skill level 5 in Fighting
  3288 | D:5      | Reached skill level 8 in Unarmed Combat
  3560 | D:5      | Found an opulent altar of Gozag.
  3599 | D:5      | Reached XP level 8. HP: 80/80 MP: 7/7
  3604 | D:5      | Found a radiant altar of Vehumet.
  3875 | D:5      | Found a shattered altar of Ashenzari.
  4043 | D:6      | Reached skill level 9 in Unarmed Combat
  4213 | D:6      | Found a white marble altar of Elyvilon.
  4461 | D:6      | Found a stormy altar of Qazlal.
  4837 | D:7      | Reached skill level 10 in Unarmed Combat
  4869 | D:7      | Reached XP level 9. HP: 82/91 MP: 8/8
  5065 | D:7      | Found a glowing silver altar of Zin.
  5125 | D:7      | Found an ancient bone altar of Kikubaaqudgha.
  5467 | D:8      | Reached skill level 11 in Unarmed Combat
  6289 | D:9      | Found a staircase to the Lair.
  6393 | D:9      | Cast into the Abyss (big kobold)
  6393 | Abyss:1  | Found a corrupted altar of Lugonu.
  6453 | Abyss:1  | Found a corrupted altar of Lugonu.
  6561 | Abyss:1  | Noticed an apocalypse crab
  6563 | Abyss:1  | Paralysed by an apocalypse crab for 2 turns
  6575 | Abyss:1  | Lost intelligence.
  6575 | Abyss:1  | Slain by an apocalypse crab

Vault maps used:
D:1:      saegor_arrival_simple_e
D:2:      nemelex_xobeh_ov_fountains_minmay, uniq_terence
D:3:      lemuel_crystal_altar, lemuel_crystal_altar, minmay_cupped, uniq_iyjb
D:4:      lightli_temple_of_fire, temple_hall
D:5:      overflow_temple_1_default, nicolae_gozag_seed_capital,
          lemuel_crystal_altar, first_bread, roderic_lattice_a
D:6:      lemuel_coloured_pillars_altar, elyvilon_altar_5
D:7:      zin_statuary, kiku_gazebo_garden_becter
D:9:      lair_0_dummy

Action                   |  1- 3 |  4- 6 |  7- 9 || total
-------------------------+-------+-------+-------++-------
Melee: Unarmed           |    57 |   197 |   282 ||   536
 Fire: Blowgun           |       |     3 |       ||     3
  Use: Potion            |       |       |     2 ||     2
       Scroll            |       |       |     1 ||     1
 Stab: Sleeping          |     2 |     4 |    10 ||    16
  Eat: Chunk             |    11 |    20 |    29 ||    60
